 Dungeon Crawl Stone Soup version 0.19.0-2-gae57169 (webtiles) character file.

39 blooo the Charlatan (level 3, 0/23 HPs)
             Began as a High Elf Artificer on Nov 5, 2016.
             Slain by a quokka (4 damage)
             ... on level 3 of the Dungeon.
             The game lasted 00:05:32 (1262 turns).

blooo the Charlatan (High Elf Artificer)            Turns: 1262, Time: 00:05:33

Health: 0/23       AC:  3    Str: 12    XL:     3   Next: 26%
Magic:  6/6        EV: 13    Int: 15    God:
Gold:   59         SH:  0    Dex: 15    Spells: 0 memorised, 2 levels left

rFire  . . .     SeeInvis .     w - +1 dagger (elec)
rCold  . . .     Gourm    .     h - +0 robe {MR+}
rNeg   . . .     Faith    .     (no shield)
rPois  .         Spirit   .     (no helmet)
rElec  .         Reflect  .     a - +0 cloak
rCorr  .         Harm     .     (no gloves)
MR     +....                    (no boots)
Stlth  +++.......               (no amulet)
                                (no ring)
                                m - ring of stealth

@: no status effects
A: no striking features
a: no special abilities


You were on level 3 of the Dungeon.
You were not hungry.

You visited 1 branch of the dungeon, and saw 3 of its levels.

You collected 59 gold pieces.

Inventory:

Hand Weapons
 w - a +1 dagger of electrocution (weapon)
Armour
 a - a +0 cloak (worn)
 b - a +0 leather armour
 h - a +0 robe of magic resistance (worn)
Jewellery
 m - a ring of stealth (left hand)
 p - an uncursed ring of fire
Wands
 c - a wand of flame (15/48)
 d - a wand of enslavement (12/24)
 e - a wand of random effects (4/48)
Scrolls
 g - 2 scrolls of magic mapping {unknown}
 i - 6 scrolls of identify {unknown}
 j - 2 scrolls of noise {unknown}
 o - a scroll of fear {unknown}
 q - a scroll of fog {unknown}
 u - a scroll of recharging {unknown}
Potions
 k - a potion of brilliance {unknown}
 l - 2 potions of invisibility {unknown}
 n - 2 potions of lignification {unknown}
 s - a potion of ambrosia {unknown}
 t - 2 potions of flight {unknown}
Comestibles
 f - a bread ration
 r - 2 beef jerkies
 v - 3 chunks of flesh


   Skills:
 - Level 1.0 Fighting
 - Level 1.2 Short Blades
 - Level 2.1 Dodging
 - Level 1.1 Stealth
 + Level 2.4 Unarmed Combat
 - Level 3.0 Evocations


You had 2 spell levels left.
You didn't know any spells.

Dungeon Overview and Level Annotations

Branches:
Dungeon (3/15)

Altars:
Ru
Vehumet

Annotations:
D:3 GroperCleveland's ghost, amateur HOBe; Sigmund


Message History

You hit the goblin but do no damage. The goblin closely misses you.
You hit the goblin.
The goblin is heavily wounded.
The goblin hits you but does no damage.
You hit the goblin.
There is a sudden explosion of sparks!
You kill the goblin!
The quokka twitches its whiskers.
You closely miss the quokka.
The quokka bites you but does no damage.
You completely miss the quokka. The quokka bites you.
The rat barely misses you. The quokka bites you.
You barely miss the quokka. The rat barely misses you. The quokka bites you.
You hit the quokka but do no damage. The quokka barely misses you.
The rat completely misses you.
You closely miss the quokka. The quokka bites you.
* * * LOW HITPOINT WARNING * * *
The rat bites you.
* * * LOW HITPOINT WARNING * * *
You closely miss the quokka. The quokka bites you.
You die...

. ####.$.
##...).r.
#######<.#
#[...#..##
#....@r##
.......r##
###.....#
#.....#
#.....#
#......
#......
#....#.


You could see a quokka and a rat.

Vanquished Creatures
  2 giant cockroaches (D:2)
  5 goblins
  6 hobgoblins
  5 kobolds
  A quokka (D:2)
  A ball python (D:2)
  2 bats (D:1)
  5 frilled lizards
  6 rats
33 creatures vanquished.

Vanquished Creatures (collateral kills)
  An adder (D:2)
1 creature vanquished.

Vanquished Creatures (others)
  An adder (D:2)
1 creature vanquished.

Grand Total: 35 creatures vanquished

Notes
Turn   | Place    | Note
-------+----------+-------------------------------------------
     0 | D:1      | blooo the High Elf Artificer began the quest for the Orb.
     0 | D:1      | Reached XP level 1. HP: 13/13 MP: 4/4
   353 | D:1      | Reached skill level 1 in Unarmed Combat
   396 | D:1      | Reached XP level 2. HP: 13/18 MP: 5/5
   696 | D:2      | Found a radiant altar of Vehumet.
  1014 | D:2      | Reached XP level 3. HP: 6/23 MP: 6/6
  1119 | D:3      | Noticed Sigmund
  1123 | D:3      | Noticed GroperCleveland's ghost (amateur HOBe)
  1168 | D:2      | Found a sacrificial altar of Ru.
  1262 | D:3      | Slain by a quokka

Skill      XL: |  1  2 |
---------------+-------+-----
Unarmed Combat | 1 2 |  2.4
Fighting       | |  1.0
Short Blades   | |  1.2
Dodging        | |  2.1
Stealth        | |  1.1
Evocations     | |  3.0

Action                   || total
-------------------------++-------
Melee: Short sword       ||    87
       Dagger            ||    13
Evoke: Wand              ||    14
 Stab: Sleeping          ||     6
  Eat: Chunk             ||     1
Armor: Robe              ||    10
Dodge: Dodged            ||    61
